 Dungeon Crawl Stone Soup version 0.28-a0-1114-g8eb0198dcf (webtiles) character file.

Game seed: 2881569933323095268

63721 Peloso the Fencer (level 14, -6/127 HPs)
             Began as a Minotaur Fighter on Dec 11, 2021.
             Was a High Priest of Okawaru.
             Mangled by an orc knight (27 damage)
             ... on level 1 of the Orcish Mines.
             The game lasted 00:48:36 (21809 turns).

Peloso the Fencer (Minotaur Fighter)               Turns: 21809, Time: 00:48:37

Health: -6/127     AC: 32    Str: 24    XL:     14   Next: 69%
Magic:  15/15      EV:  6    Int:  5    God:    Okawaru [*****.]
Gold:   1382       SH: 17    Dex: 12    Spells: 15/15 levels left

rFire   . . .      SeeInvis +   a - +7 double sword
rCold   . . .      Faith    .   c - +0 kite shield
rNeg    + . .      Spirit   .   D - +1 crystal plate armour
rPois   .          Reflect  +   (helmet restricted)
rElec   .          Harm     .   R - +2 cloak
rCorr   .          Rampage  .   I - +0 pair of gloves {Stlth+}
Will    +....                   o - +1 pair of boots
Stlth   ..........              K - amulet of reflection
HPRegen 0.31/turn               P - ring of positive energy
MPRegen 0.14/turn               O - ring of see invisible

@: about to teleport
A: horns 2, retaliatory headbutt
a: Renounce Religion, Heroism, Finesse, Duel


You were on level 1 of the Orcish Mines.
You worshipped Okawaru.
Okawaru was extremely pleased with you.
You visited 3 branches of the dungeon, and saw 17 of its levels.
You visited the Abyss 1 time.
You also visited: Ossuary and Bailey.

You collected 1382 gold pieces.

Inventory:

Hand Weapons
 a - a +7 double sword (weapon)
 b - a +0 scimitar of flaming
Armour
 c - a +0 kite shield (worn)
 o - a +1 pair of boots (worn)
 D - a +1 crystal plate armour (worn)
 I - a +0 pair of gloves of stealth (worn)
 R - a +2 cloak (worn)
Jewellery
 K - an amulet of reflection (around neck)
 O - a ring of see invisible (right hand)
 P - a ring of positive energy (left hand)
Scrolls
 g - a scroll of silence
 h - 4 scrolls of teleportation
 i - 4 scrolls of magic mapping
Potions
 d - 4 potions of might
 j - 2 potions of flight
 k - 2 potions of cancellation {unknown}
 l - 2 potions of haste {unknown}
 p - 2 potions of berserk rage
 t - 2 potions of invisibility {unknown}
 v - a potion of attraction {unknown}
 x - a potion of magic {unknown}
 L - a potion of ambrosia {unknown}
 N - 2 potions of heal wounds {unknown}


   Skills:
 + Level 12.8 Fighting
 + Level 1.9(9.8) Short Blades
 + Level 16.1 Long Blades
 + Level 2.8(3.5) Axes
 + Level 2.1(3.2) Maces & Flails
 + Level 2.1(3.2) Polearms
 + Level 2.1(3.0) Staves
 + Level 1.9(2.4) Slings
 + Level 1.9 Bows
 + Level 1.9 Crossbows
 + Level 2.0(2.3) Throwing
 + Level 14.6 Armour
 + Level 3.1 Dodging
 + Level 2.1 Stealth
 + Level 12.3 Shields
 + Level 1.9 Unarmed Combat
 + Level 1.1 Spellcasting
 + Level 1.5 Conjurations
 + Level 1.3 Hexes
 + Level 1.2 Summonings
 + Level 1.2 Necromancy
 + Level 1.5 Translocations
 + Level 1.6 Transmutations
 + Level 1.2 Fire Magic
 + Level 1.2 Ice Magic
 + Level 1.2 Air Magic
 + Level 1.3 Earth Magic
 + Level 1.2 Poison Magic
 + Level 3.1 Invocations
 + Level 2.1 Evocations


You had 15 spell levels left.
You didn't know any spells.
Your spell library contained the following spells:

 Spells                   Type           Power      Damage    Failure   Level
 Sandblast                Erth           2%         2d4       100%        1
 Slow                     Hex            4%         N/A       100%        1
 Corpse Rot               Necr/Air       2%         N/A       100%        2
 Poisonous Vapours        Pois/Air       2%         N/A       100%        2
 Confusing Touch          Hex            1%         N/A       100%        3
 Gell's Gravitas          Tloc           1%         N/A       100%        3
 Ignite Poison            Fire/Tmut/Pois 1%         N/A       100%        3
 Inner Flame              Hex/Fire       1%         N/A       100%        3
 Mephitic Cloud           Conj/Pois/Air  1%         N/A       100%        3
 Teleport Other           Tloc           1%         N/A       100%        3
 Vampiric Draining        Necr           1%         2d6       100%        3
 Cause Fear               Hex            0%         N/A       100%        4
 Petrify                  Tmut/Erth      1%         N/A       100%        4
 Fireball                 Conj/Fire      0%         3d3       100%        5
 Freezing Cloud           Conj/Ice/Air   0%         6-21      100%        5
 Iskenderun's Battlesphe  Conj           1%         2d6       100%        5
 Metabolic Englaciation   Hex/Ice        0%         N/A       100%        5
 Conjure Ball Lightning   Conj/Air       0%         3x3d6     100%        6
 Dispersal                Tloc           0%         N/A       100%        6
 Iron Shot                Conj/Erth      0%         9d1       100%        6
 Statue Form              Tmut/Erth      0%         N/A       100%        6
 Orb of Destruction       Conj           0%         N/A       100%        7
 Discord                  Hex            0%         N/A       100%        8
 Shatter                  Erth           0%         3d5*      100%        9


Dungeon Overview and Level Annotations

Branches:
Dungeon (12/15)            Temple (0/1) D:7            Lair (3/6) D:10
 Shoals (0/4) Lair:3       Spider (0/4) Lair:2          Orc (2/2) D:12
Ossuary (visited)          Bailey (visited)
    Elf: Orc:2

Altars:
Cheibriados
Fedhas
Gozag
Kikubaaqudgha
Okawaru
Qazlal
Ru
Trog
Uskayaw
Beogh

Shops:
Orc:2 (

Annotations:
D:7 2 runed translucent doors
Lair:2 Casa + 2 transporters, 27snakeeyes612's ghost, adept SpEn
Lair:3 3 runed translucent doors, Gelon's ghost, journeyman TeAE


Innate Abilities, Weirdness & Mutations

You have a pair of horns on your head.
You reflexively headbutt those who attack you in melee.


Message History

There is an escape hatch in the ceiling, spattered with blood here.
The orc high priest no longer looks unusually strong.
The orc knight barely misses you. You furiously retaliate!
You headbutt the orc knight! You block the orange demon's attack.
The orc high priest hits you with a +0 glaive!
* * * LOW HITPOINT WARNING * * *
A mysterious force pulls you upwards. The hatch slams shut behind you.
The orange demon disappears in a puff of smoke!
Okay, then.
Okay, then.
Okay, then.
As you read the scroll of teleportation, it crumbles to dust.
You feel strangely unstable. The orc knight barely misses you.
The orc high priest barely misses you. You furiously retaliate!
You headbutt the orc high priest!
You feel better.
The orc knight roars a battlecry!
The orc high priest goes into a battle-frenzy!
The orc high priest hits you but does no damage.
You barely miss the orc high priest.
Your headbutt misses the orc high priest.
The orc high priest is severely wounded.
You block the orc knight's attack.
Unknown command.
You miss the orc high priest.
Your headbutt misses the orc high priest.
The orc high priest is severely wounded.
The orc high priest hits you but does no damage.
The orc knight hits you but does no damage.
Unknown command.
You closely miss the orc high priest.
The orc high priest is severely wounded.
The orc high priest intones a terrible prayer.
You block the orc high priest's attack.
Unknown command.
You slice the orc high priest!!
You kill the orc high priest!
Okawaru accepts your kill.
The orc knight hits you with a +0 great sword!!
You die...

.###.#....))......#.....###
##
##.....[........#...##.## #
##...)#........#...#...#
##..[##...........#.#.##
#<[....................#
##)#.##.....#.......#.##
###..##...####...###.##
#....##.###....###...#
##..######@)..## ##.## ####
##o### ### ###


You could see an orc knight (strong).

Vanquished Creatures
  An orc warlord (Bailey)
  A dire elephant (Lair:2)
  An ettin (D:12)
  Josephine (D:11)
  Erolcha (D:9)
  Harold (D:7)
  3 hydras
  Erica (D:10)
  A catoblepas (Lair:1)
  A two-headed ogre (D:12)
  3 death yaks (Lair:2)
  2 orc high priests
  Urug (D:11)
  6 orc knights
  A wolf spider (Lair:2)
  2 orc sorcerers (Orc:2)
  2 cyclopes
  An ugly thing (D:7)
  A merfolk siren (Lair:3)
  2 black mambas (Lair:1)
  16 elephants
  7 cane toads
  A kobold demonologist (D:11)
  Maggie (D:9)
  5 komodo dragons
  A merfolk (Lair:3)
  5 trolls
  3 blink frogs (Lair:2)
  A redback (Lair:2)
  A vampire (D:11)
  Grum (D:10)
  25 yaks
  A spriggan (Lair:2)
  3 wraiths (D:11)
  2 wyverns
  A steam dragon (D:9)
  6 vampire mosquitoes
  3 wargs
  An acid dragon (D:5)
  16 water moccasins
  An ice beast (D:5)
  25 orc warriors
  4 black bears
  10 wolves
  A sky beast (D:8)
  2 necrophages (D:5)
  6 ogres
  2 centaurs
  A phantom (D:5)
  2 kobold brigands
  9 bullfrogs
  3 gnoll sergeants
  4 water moccasin zombies
  4 scorpions
  A wyvern skeleton (D:7)
  12 killer bees (D:9)
  5 wights (D:7)
  3 howler monkeys
  2 bullfrog zombies
  21 orc priests
  5 hounds
  4 bullfrog skeletons
  2 jellies
  A gnoll shaman (D:7)
  A centaur skeleton (D:5)
  Ijyb (D:4)
  An iguana (D:5)
  23 orc wizards
  2 killer bee zombies
  2 howler monkey zombies
  3 mummies
  9 gnolls
  A howler monkey skeleton (D:7)
  11 adders
  A shadow imp (D:3)
  3 white imps
  An ufetubus (D:6)
  6 adder zombies
  4 worms
  3 dart slugs
  78 orcs
  5 bats
  8 endoplasms
  5 giant cockroaches
  13 goblins
  2 hobgoblins
  7 quokkas
  7 ball pythons
  3 frilled lizards
  2 gnoll zombies (Ossuary)
  7 hobgoblin zombies (Ossuary)
  34 kobolds
  5 kobold zombies (Ossuary)
  3 orc zombies (Ossuary)
  4 rats
518 creatures vanquished.

Vanquished Creatures (others)
  A human (D:4)
  An orc wizard (D:8)
  154 fungi
  102 plants
258 creatures vanquished.

Grand Total: 776 creatures vanquished

Notes
Turn   | Place    | Note
-------+----------+-------------------------------------------
     0 | D:1      | Peloso the Minotaur Fighter began the quest for the Orb.
     0 | D:1      | Reached XP level 1. HP: 19/19 MP: 0/0
   645 | D:1      | Reached XP level 2. HP: 22/27 MP: 1/1
   948 | D:2      | Found a faded altar of an unknown god.
  1029 | D:2      | Found a hide-covered altar of Uskayaw.
  1379 | D:2      | You fall into a shaft and drop 2 floors!
  1386 | D:4      | Reached XP level 3. HP: 33/33 MP: 2/2
  1390 | D:4      | Reached skill level 3 in Long Blades
  1536 | D:3      | Found an iron altar of Okawaru.
  1563 | D:3      | Became a worshipper of Warmaster Okawaru
  1684 | D:2      | Reached XP level 4. HP: 35/40 MP: 3/3
  1834 | D:3      | Noticed a scorpion
  1841 | D:3      | Killed a scorpion
  1842 | D:3      | Reached skill level 5 in Armour
  2091 | D:3      | Reached skill level 4 in Long Blades
  2101 | D:3      | Reached XP level 5. HP: 27/47 MP: 4/4
  2699 | D:3      | Reached * piety under Okawaru
  2700 | D:3      | Reached skill level 1 in Dodging
  2798 | D:3      | Reached XP level 6. HP: 53/53 MP: 5/5
  3082 | D:4      | Reached skill level 5 in Long Blades
  3218 | D:4      | Noticed Ijyb
  3226 | D:4      | Killed Ijyb
  3227 | D:4      | Reached skill level 5 in Fighting
  3345 | D:4      | Found a blossoming altar of Fedhas.
  3479 | D:4      | Found an ancient bone altar of Kikubaaqudgha.
  3482 | D:4      | Noticed a human
  3486 | D:4      | Killed a human
  3577 | D:5      | Entered Level 5 of the Dungeon
  3620 | D:5      | Reached XP level 7. HP: 37/61 MP: 6/6
  3763 | D:5      | Found a sand-covered staircase.
  3772 | Ossuary  | Entered an ossuary
  3889 | Ossuary  | Reached skill level 6 in Long Blades
  4343 | D:5      | Found an opulent altar of Gozag.
  4354 | D:5      | Reached ** piety under Okawaru
  4355 | D:5      | Reached skill level 5 in Shields
  4507 | D:5      | Reached XP level 8. HP: 63/70 MP: 7/7
  4554 | D:5      | Reached skill level 7 in Long Blades
  4856 | D:5      | Reached skill level 8 in Long Blades
  5567 | D:6      | Reached skill level 9 in Long Blades
  6071 | D:6      | Reached *** piety under Okawaru
  6072 | D:6      | Reached XP level 9. HP: 73/79 MP: 8/8
  6559 | D:6      | Reached skill level 10 in Long Blades
  6770 | D:7      | Found a staircase to the Ecumenical Temple.
  6780 | D:7      | Reached **** piety under Okawaru
  6976 | D:7      | Found a large runed translucent door.
  6976 | D:7      | Found a large runed translucent door.
  7001 | D:7      | Noticed a cyan ugly thing
  7001 | D:7      | Noticed a troll
  7008 | D:7      | Found a large runed translucent door.
  7008 | D:7      | Found a large runed translucent door.
  7173 | D:7      | Noticed a cyclops
  7188 | D:7      | Killed a cyclops
  7189 | D:7      | Reached skill level 11 in Long Blades
  7189 | D:7      | Reached skill level 10 in Armour
  7189 | D:7      | Reached skill level 1 in Invocations
  7189 | D:7      | Reached XP level 10. HP: 85/88 MP: 6/9
  7382 | D:7      | Noticed Harold
  7404 | D:7      | Killed Harold
  7404 | D:7      | Received a gift from Okawaru
  7597 | D:7      | Found a stormy altar of Qazlal.
  7619 | D:7      | Found a sacrificial altar of Ru.
  8133 | D:8      | Reached ***** piety under Okawaru
  8151 | D:8      | Reached skill level 12 in Long Blades
  8801 | D:8      | Found a bloodstained altar of Trog.
  9002 | D:9      | HP: 2/90 [orc warrior (14)]
  9014 | D:8      | HP: 4/90 [orc (2)]
  9028 | D:9      | HP: 1/90 [orc warrior (4)]
  9182 | D:9      | Found a flagged portal.
  9234 | D:9      | Noticed Erolcha
  9243 | D:9      | Received a gift from Okawaru
  9247 | Bailey   | Entered a bailey
  9302 | Bailey   | Noticed an orc warlord
  9573 | Bailey   | Noticed an orc knight
  9597 | Bailey   | Killed an orc knight
  9721 | Bailey   | Found a runed translucent gate.
  9722 | Bailey   | Found a runed translucent gate.
  9723 | Bailey   | Found a runed translucent gate.
  9896 | Bailey   | Killed an orc warlord
  9897 | Bailey   | Reached skill level 13 in Long Blades
  9897 | Bailey   | Reached XP level 11. HP: 97/97 MP: 9/11
 10058 | Bailey   | Reached skill level 1 in Short Blades
 10058 | Bailey   | Reached skill level 1 in Maces & Flails
 10058 | Bailey   | Reached skill level 1 in Polearms
 10058 | Bailey   | Reached skill level 1 in Staves
 10058 | Bailey   | Reached skill level 1 in Slings
 10058 | Bailey   | Reached skill level 1 in Bows
 10058 | Bailey   | Reached skill level 1 in Crossbows
 10058 | Bailey   | Reached skill level 1 in Throwing
 10058 | Bailey   | Reached skill level 1 in Stealth
 10058 | Bailey   | Reached skill level 1 in Unarmed Combat
 10058 | Bailey   | Reached skill level 1 in Evocations
 10058 | Bailey   | Reached XP level 12. HP: 105/105 MP: 12/12
 10097 | Bailey   | Reached skill level 1 in Spellcasting
 10097 | Bailey   | Reached skill level 1 in Conjurations
 10097 | Bailey   | Reached skill level 1 in Hexes
 10097 | Bailey   | Reached skill level 1 in Summonings
 10097 | Bailey   | Reached skill level 1 in Necromancy
 10097 | Bailey   | Reached skill level 1 in Translocations
 10097 | Bailey   | Reached skill level 1 in Transmutations
 10097 | Bailey   | Reached skill level 1 in Fire Magic
 10097 | Bailey   | Reached skill level 1 in Ice Magic
 10097 | Bailey   | Reached skill level 1 in Air Magic
 10097 | Bailey   | Reached skill level 1 in Earth Magic
 10097 | Bailey   | Reached skill level 1 in Poison Magic
 10097 | Bailey   | Reached XP level 13. HP: 112/112 MP: 12/14
 10144 | D:9      | Cast into level 2 of the Abyss (Erolcha)
 10192 | D:9      | Escaped the Abyss
 10199 | D:9      | Killed Erolcha
 10257 | D:9      | Noticed Maggie
 10272 | D:9      | Killed Maggie
 10743 | D:9      | Found a snail-covered altar of Cheibriados.
 10955 | D:10     | Entered Level 10 of the Dungeon
 11123 | D:10     | Received a gift from Okawaru
 11326 | D:10     | Noticed Erica
 11340 | D:10     | Killed Erica
 11341 | D:10     | Reached skill level 10 in Fighting
 11763 | D:10     | Noticed Grum
 11778 | D:10     | Killed Grum
 11888 | D:10     | Reached skill level 14 in Long Blades
 12161 | D:10     | Found a staircase to the Lair.
 12573 | Lair:1   | Entered Level 1 of the Lair of Beasts
 14099 | Lair:2   | Found a transporter.
 14100 | Lair:2   | Noticed 27snakeeyes612's ghost (adept SpEn)
 14112 | Lair:2   | Found a transporter.
 14551 | Lair:2   | Noticed a dire elephant
 14571 | Lair:2   | Killed a dire elephant
 14572 | Lair:2   | Reached skill level 10 in Shields
 14811 | Lair:2   | Received a gift from Okawaru
 14898 | Lair:2   | Identified the +5 longbow "Sostry" {freeze, rElec rPois
                  | Int-2} (Okawaru gifted it to you on level 2 of the Lair of
                  | Beasts)
 14898 | Lair:2   | Received a gift from Okawaru
 15251 | Lair:2   | Found a hole to the Spider Nest.
 15499 | Lair:3   | Reached XP level 14. HP: 103/124 MP: 12/15
 15630 | Lair:3   | Reached skill level 15 in Long Blades
 16550 | Lair:3   | Found a staircase to the Shoals.
 16796 | Lair:3   | Found a runed translucent gate.
 16796 | Lair:3   | Found a runed translucent gate.
 16796 | Lair:3   | Found a runed translucent gate.
 16803 | Lair:3   | Noticed Gelon's ghost (journeyman TeAE)
 17370 | D:7      | Got the Volume of Heat and the Mountains
 17995 | D:11     | Noticed Urug
 18009 | D:11     | Killed Urug
 18115 | D:11     | Noticed Josephine
 18132 | D:11     | Killed Josephine
 18132 | D:11     | Identified the +1 scale mail "Geer" {rC+ Str+3} (Okawaru
                  | gifted it to you on level 11 of the Dungeon)
 18132 | D:11     | Received a gift from Okawaru
 19414 | D:12     | Found a staircase to the Orcish Mines.
 20185 | Orc:1    | Entered Level 1 of the Orcish Mines
 20938 | Orc:2    | Entered Level 2 of the Orcish Mines
 21732 | Orc:2    | Found Godeumoceqo's Weapon Emporium.
 21738 | Orc:2    | Reached skill level 16 in Long Blades
 21809 | Orc:1    | Mangled by an orc knight

Illustrated notes

Levels and vault maps discovered:
D:1:      evilmike_arrival_hilbert_curve, layout_basic
D:2:      minmay_wonky_spiral, layout_rooms,
          shapermc_ecumenical_altar_mp_highgroup, basic_altar
D:3:      layout_rooms, okawaru_gym_becter, st_stairs_4, minmay_snake_closets
D:4:      layout_rooms, mainiacjoe_overflow_brackets, tgw_kikubaaqudgha,
          solitary_fountain, grunt_ministairs_15,
          hangedman_decor_clover_reticule, uniq_ijyb
D:5:      layout_gridville, kennysheep_mini_moat, gup_ossuary_entry_pyramid,
          grunt_ministairs_3
D:6:      layout_layer_cave, serial_rivers, chequers_serial_rivers_micro_d,
          chequers_serial_rivers_micro_e, chequers_serial_rivers_large_b,
          chequers_serial_rivers_room_b, hex_medium, lightli_orcish_oven
D:7:      layout_basic, mainiacjoe_overflow_catch_the_wave,
          minmay_temple_entry_large_hall, minmay_hollow_rounded_squares,
          uniq_harold
D:8:      layout_loops_ring, mainiacjoe_overflow_tiny_flanked, minivault_1
D:9:      layout_roguey, cheibriados_altar_1, enter_bailey_5,
          chequers_big_river, uniq_erolcha, uniq_maggie
D:10:     layout_loops_ring, due_lair_maze_entry_diamond, grunt_ministairs_15,
          uniq_erica, uniq_grum
D:11:     layout_layer_cave, uniq_josephine, uniq_urug
D:12:     layout_roguey, david_orc_4, minmay_misc_feat_square, abandoned_shop
Lair:1:   layout_regular_city, grunt_megastairs_5
Lair:2:   mu_elephants_graveyard, layout_regular_city,
          spider_nest_entry_funnel_web, gammafunk_ghost_berserking_beasts
Lair:3:   layout_chaotic_city, elwin_shoals_entry_rooms,
          gammafunk_ghost_necromancy, grunt_forest_small_clearings,
          serial_bayou_lake_a
Orc:1:    layout_caves
Orc:2:    st_orc_elflike, layout_caves, basic_altar, minmay_orc_temple_b,
          uniq_sonja

Skill      XL: |  1  2  3  4  5  6  7  8  9 10 11 12 13 14 |
---------------+-------------------------------------------+-----
Armour         | 4 5 6 7 8 10 11 13 14 | 14.6
Fighting       | 4 5 6 7 8 9 11 12 | 12.8
Long Blades    | 3 4 5 6 9 11 13 14 16 | 16.1
Dodging        | 1 2 3 |  3.1
Shields        | 4 5 6 7 8 10 12 | 12.3
Invocations    | 1 2 3 |  3.1
Short Blades   | 1 |  1.9
Axes           | 2 |  2.8
Maces & Flails | 1 2 |  2.1
Polearms       | 1 2 |  2.1
Staves         | 1 2 |  2.1
Slings         | 1 |  1.9
Bows           | 1 |  1.9
Crossbows      | 1 |  1.9
Throwing       | 1 2 |  2.0
Stealth        | 1 2 |  2.1
Unarmed Combat | 1 |  1.9
Evocations     | 1 2 |  2.1
Spellcasting   | 1 |  1.1
Conjurations   | 1 |  1.5
Hexes          | 1 |  1.3
Summonings     | 1 |  1.2
Necromancy     | 1 |  1.2
Translocations | 1 |  1.5
Transmutations | 1 |  1.6
Fire Magic     | 1 |  1.2
Ice Magic      | 1 |  1.2
Air Magic      | 1 |  1.2
Earth Magic    | 1 |  1.3
Poison Magic   | 1 |  1.2

Action                   |  1- 3 |  4- 6 |  7- 9 | 10-12 | 13-15 || total
-------------------------+-------+-------+-------+-------+-------++-------
Melee: Long sword        |    54 |   110 |   304 |   232 |    77 ||   777
       Headbutt          |     8 |    24 |    74 |    49 |   235 ||   390
       Scimitar          |       |       |       |       |   552 ||   552
       Double sword      |       |       |       |       |   356 ||   356
Invok: Heroism           |       |     1 |     6 |     5 |     9 ||    21
Evoke: Wand              |       |       |       |     4 |     4 ||     8
  Use: Scroll            |       |     4 |     4 |     6 |    10 ||    24
       Potion            |       |       |       |    10 |     4 ||    14
 Stab: Distracted        |       |     1 |       |       |       ||     1
       Petrified         |       |       |       |       |     3 ||     3
Armor: Scale mail        |    25 |    46 |    31 |       |       ||   102
       Plate armour      |       |       |   121 |       |       ||   121
       Crystal plate arm |       |       |       |   157 |   584 ||   741
Dodge: Dodged            |    15 |    47 |    91 |    62 |   196 ||   411
Block: Buckler           |     2 |    23 |    70 |    56 |    58 ||   209
       Kite shield       |       |       |       |       |   500 ||   500
       Reflection        |       |       |       |       |     7 ||     7

Table legend: (Time is in decaauts)
 A = Elapsed time spent in this place.
 B = Non-inter-level travel time spent in this place.
 C = Inter-level travel time spent in this place.
 D = Time resting spent in this place.
 E = Time spent auto-exploring this place.
 F = Levels seen in this place.
 G = Mean time per level.
                   A        B        C        D        E       F      G
               +--------+--------+--------+--------+--------+-----+--------+
         Total |  21670 |  20750 |    920 |   1660 |  14053 |  20 | 1083.5 |
       Dungeon |  14229 |  13436 |    793 |    702 |  10129 |  12 | 1185.8 |
          Lair |   4841 |   4715 |    126 |    312 |   3077 |   3 | 1613.7 |
  Orcish Mines |   1125 |   1125 |      0 |     35 |    639 |   2 |  562.5 |
         Abyss |     47 |     47 |      0 |      0 |      5 |   1 |   47.0 |
       Ossuary |    552 |    552 |      0 |    198 |    202 |   1 |  552.0 |
        Bailey |    873 |    873 |      0 |    413 |      0 |   1 |  873.0 |
               +--------+--------+--------+--------+--------+-----+--------+

Top non-repeatable levels by time:
  Lair:2: 2237 daAuts
    D:10: 1600 daAuts
    D:11: 1444 daAuts
     D:7: 1415 daAuts
  Lair:3: 1334 daAuts
     D:6: 1329 daAuts
     D:5: 1322 daAuts
     D:9: 1282 daAuts
  Lair:1: 1269 daAuts
    D:12: 1151 daAuts
     D:3: 1077 daAuts
     D:8: 1072 daAuts
     D:1: 948 daAuts
  Bailey: 873 daAuts
     D:2: 866 daAuts
